cohdb
Replays
Latest Replays
All Replays
Popular Replays
Top Player Replays
Match Explorer
How It Works
Community
CoH3 Stats
Reddit
Sign in to upload your games and track your stats! →
Sign in with Steam
Match 43686940
Unlisted
Match 43686940
Overview
Messages
Build Orders
End
Selects Australian Defense Battlegroup
Selects Australian Light Infantry Section
Australian Light Infantry Section
Construct Section Command Post
Dingo Light Scout Car
Australian Light Infantry Section
Selects Defensive Tactics
Australian Light Infantry Section
Grenade Package
Infantry Section
Construct Field Infirmary
Construct Platoon Command Post
Vickers Machine Gun Team
Selects CMP 15cwt Supply Run
Selects Artillery Trip Wire Flares
Infantry Section
hongsb0312
HMSxFALCONx
Victor
hogarthw
0
0
Comments
sign in to comment!
No comments posted yet!